 Dungeon Crawl Stone Soup version 0.18.1-50-g88ac8fd (webtiles) character file.

256 Ilten the Skirmisher (level 5, 0/43 HPs)
             Began as a Demonspawn Abyssal Knight on May 7, 2017.
             Was a Believer of Lugonu.
             Slain by Natasha (5 damage)
             ... on level 3 of the Dungeon.
             The game lasted 00:13:12 (2599 turns).

Ilten the Skirmisher (Demonspawn Abyssal Knight)    Turns: 2599, Time: 00:13:13

Health: 0/43       AC:  8    Str: 13    XL:     5   Next: 92%
Magic:  0/7        EV: 10    Int: 13    God:    Lugonu [**....]
Gold:   110        SH:  0    Dex: 18    Spells: 0 memorised, 4 levels left

rFire  . . .     SeeInvis .     u - +0 great sword
rCold  . . .     Gourm    .     r - +1 scale mail
rNeg   . . .     Faith    .     (shield currently unavailable)
rPois  .         Spirit   +     i - +0 helmet
rElec  .         Dismiss  .     (no cloak)
rCorr  .         Reflect  .     (no gloves)
SustAt .         Harm     .     (no boots)
MR     .....                    v - amulet of guardian spirit
Stlth  ..........               j - +5 ring of dexterity
                                e - ring of wizardry

@: not resistant to hostile enchantments, extremely unstealthy
A: powered by pain 1, rot immunity
a: Depart the Abyss, Bend Space, Renounce Religion


You were on level 3 of the Dungeon.
You worshipped Lugonu.
Lugonu was pleased with you.
You were not hungry.

You visited 1 branch of the dungeon, and saw 3 of its levels.
You visited the Abyss 1 time.

You collected 110 gold pieces.

Inventory:

Hand Weapons
 a - a +1 falchion
 u - a +0 great sword (weapon)
Armour
 i - a +0 helmet (worn)
 r - a +1 scale mail (worn)
Jewellery
 e - a ring of wizardry (left hand)
 j - a +5 ring of dexterity (right hand)
 o - an uncursed amulet of magic regeneration {unknown}
 v - an amulet of guardian spirit (around neck)
Scrolls
 b - a scroll of blinking {unknown}
 d - a scroll of fear {unknown}
 g - 2 scrolls of remove curse {unknown}
 k - 2 scrolls of magic mapping {unknown}
 l - 3 scrolls of identify {unknown}
 m - a scroll of noise {unknown}
 s - a scroll of teleportation {unknown}
Potions
 h - a potion of resistance {unknown}
 n - a potion of invisibility {unknown}
 p - 2 potions of curing {unknown}
 q - a potion of cancellation {unknown}
 t - a potion of flight {unknown}
Comestibles
 c - 2 bread rations
 f - 6 fruits


   Skills:
 + Level 4.4 Fighting
 + Level 2.8 Long Blades
 + Level 3.1 Armour
 + Level 2.5 Dodging
 + Level 0.2 Stealth
 + Level 2.9 Invocations


You had 4 spell levels left.
You didn't know any spells.

Dungeon Overview and Level Annotations

Branches:
Dungeon (3/15)

Altars:
Gozag

Annotations:
D:3 Natasha


Innate Abilities, Weirdness & Mutations

You sometimes gain a little power by taking damage.
You are immune to rotting.


Message History

The crimson imp hits you but does no damage.
Natasha stares at you and mumbles some strange words.
You resist with some effort. The crimson imp misses you.
Natasha closely misses you. The iron imp misses you.
The crimson imp blinks!
Natasha wildly gestures.
Natasha's fingertips start to glow.
Natasha closely misses you. The iron imp closely misses you.
Natasha barely misses you. The iron imp barely misses you.
Natasha barely misses you. Natasha claws you.
The iron imp shouts, "Give up, thou gleeking base-court urchin!"
The iron imp hits you.
* * * LOW HITPOINT WARNING * * *
The crimson imp blinks!
Natasha stares at you and mumbles some strange words.
The magic dart hits you!
* * * LOW HITPOINT WARNING * * *
The iron imp hits you but does no damage.
Natasha claws you.
You die...

#.. .........#.# #. #.###
######....##.#.# # #...####
####.##.#.# #. #.#.....
#......# #.## ##.######
###...## #... ..#
#...#######..###.######
#.........#.......#...[
#####...#####.#.......#....
#.#....5...h@.#.#.......#....
#....†....†5................
#.#...........#.#.......#....
#####...##### #.......#....
#...... #.......#.... #...###
##.#.######## #...# #.......#
#. ##.## ##.#.###.# #. ...
##....###.###.


You could see an iron imp, Natasha and a crimson imp.

Vanquished Creatures
  The ghost of valhalheru the Shield-Bearer, an amateur MiFi (D:3)
  Terence (D:2)
  Natasha (twice) (D:3)
  4 adders
  2 worms (D:2)
  2 dart slugs
  An orc (D:3)
  4 giant cockroaches
  6 goblins
  7 hobgoblins
  A quokka (D:2)
  4 bats
  2 giant newts
  8 kobolds
  5 rats
50 creatures vanquished.

Notes
Turn   | Place    | Note
--------------------------------------------------------------
     0 | Abyss:1  | Ilten the Demonspawn Abyssal Knight began the quest for the Orb.
     0 | Abyss:1  | Reached XP level 1. HP: 18/18 MP: 2/2
    65 | Abyss:1  | Found a corrupted altar of Lugonu.
    79 | D:1      | Escaped the Abyss
   594 | D:1      | Gained mutation: You sometimes gain a little power by taking damage. [demonic ancestry]
   594 | D:1      | Reached XP level 2. HP: 24/24 MP: 3/3
   995 | D:2      | Noticed Terence
  1011 | D:2      | Killed Terence
  1011 | D:2      | Reached skill level 1 in Dodging
  1011 | D:2      | Gained mutation: You are immune to rotting. [demonic ancestry]
  1011 | D:2      | Reached XP level 3. HP: 23/30 MP: 5/5
  1066 | D:2      | Reached ** piety under Lugonu
  1066 | D:2      | Reached skill level 4 in Fighting
  1301 | D:2      | Reached XP level 4. HP: 15/37 MP: 6/6
  1359 | D:2      | Found an opulent altar of Gozag.
  1933 | D:3      | Noticed valhalheru's ghost (amateur MiFi)
  1952 | D:3      | Killed valhalheru's ghost
  1952 | D:3      | Reached XP level 5. HP: 23/42 MP: 5/7
  2395 | D:3      | Noticed Natasha
  2400 | D:3      | Killed Natasha
  2528 | D:3      | Noticed Natasha
  2546 | D:3      | Killed Natasha
  2581 | D:3      | Noticed Natasha
  2599 | D:3      | Slain by Natasha

Skill      XL: |  1  2  3  4  5 |
---------------+----------------+-----
Long Blades    | 2 |  2.8
Armour         | 2 3 |  3.1
Dodging        | 1 2 |  2.5
Fighting       | 4 |  4.4
Stealth        | |  0.2
Invocations    | |  2.9

Action                   |  1- 3 |  4- 6 || total
-------------------------+-------+-------++-------
Melee: Falchion          |    90 |     7 ||    97
       Great sword       |       |    99 ||    99
  Use: Scroll            |       |     1 ||     1
  Eat: Fruit             |     1 |       ||     1
       Meat ration       |       |     1 ||     1
Armor: Leather armour    |     7 |       ||     7
       Ring mail         |     7 |       ||     7
       Scale mail        |    18 |    62 ||    80
Dodge: Dodged            |    49 |    76 ||   125
